 Dungeon Crawl Stone Soup version 0.21-a0-329-g12f17e1 (webtiles) character file.

441 vishdafish the Charmwright (level 6, 0/44 HPs)
             Began as a Demonspawn Skald on Oct 1, 2017.
             Succumbed to a scorpion's poison
             ... on level 5 of the Dungeon.
             The game lasted 00:09:56 (4819 turns).

vishdafish the Charmwright (Demonspawn Skald)       Turns: 4819, Time: 00:09:57

Health: 0/44       AC:  6    Str: 14 (15) XL:     6   Next: 71%
Magic:  4/9        EV: 12    Int: 14 (16) God:
Gold:   187        SH:  0    Dex: 12 (13) Spells: 8/9 levels left

rFire    . . .     SeeInvis .   u - +0 trident
rCold    . . .     Gourm    +   (no shield)
rNeg     . . .     Faith    .   w - +3 leather armour
rPois    .         Spirit   .   (no helmet)
rElec    .         Reflect  .   (no cloak)
rCorr    .         Harm     .   (no gloves)
MR       .....                  (no boots)
Stlth    +.........             k - amulet of the gourmand
HPRegen  0.14/turn              e - ring of wizardry
MPRegen  0.11/turn              g - +4 ring of strength

@: lethally poisoned (0 -> -9), infused (expiring)
A: talons 2, spiny 1
a: no special abilities


You were on level 5 of the Dungeon.
You were hungry.

You visited 2 branches of the dungeon, and saw 6 of its levels.

You collected 187 gold pieces.

Inventory:

Hand Weapons
 a - a +0 spear
 u - a +0 trident (weapon)
Armour
 b - a +0 leather armour
 j - a +2 robe of magic resistance
 w - a +3 leather armour (worn)
Jewellery
 e - a ring of wizardry (left hand)
 g - a +4 ring of strength (right hand)
 k - an amulet of the gourmand (around neck)
 l - an uncursed ring of protection from fire
Wands
 y - a wand of confusion (11/48)
Scrolls
 m - 3 scrolls of teleportation
 n - 2 scrolls of remove curse {unknown}
 p - a scroll of enchant weapon {unknown}
 q - 4 scrolls of identify {unknown}
 t - 3 scrolls of fog {unknown}
Potions
 h - a potion of brilliance
 i - a potion of magic
Books
 c - a book of Battle

   Spells                             Type                      Level
   a - Infusion                       Charms                       1
   b - Shroud of Golubria             Charms/Translocation         2
   c - Song of Slaying                Charms                       2
   d - Spectral Weapon                Hexes/Charms                 3
   e - Regeneration                   Charms/Necromancy            3
 x - a book of Changes

   Spells                             Type                      Level
   a - Beastly Appendage              Transmutation                1
   b - Sticks to Snakes               Transmutation                2
   c - Spider Form                    Transmutation/Poison         3
   d - Ice Form                       Ice/Transmutation            4
   e - Blade Hands                    Transmutation                5
Comestibles
 d - a bread ration
 f - 3 meat rations
 o - 2 royal jellies


   Skills:
 - Level 2.0 Fighting
 + Level 3.9 Polearms
 - Level 3.7 Armour
 - Level 2.0 Dodging
 - Level 2.0 Spellcasting
 * Level 4.4 Charms


You had 8 spell levels left.
You knew the following spells:

 Your Spells              Type           Power        Failure   Level  Hunger
a - Infusion              Chrm           ##..         1%          1    ##.....


Dungeon Overview and Level Annotations

Branches:
Dungeon (5/15)             Temple (1/1) D:4

Altars:
Ashenzari
Elyvilon
Fedhas
Hepliaklqana
Okawaru
Qazlal
Ru
Trog
Uskayaw
Vehumet
Yredelemnul

Annotations:
D:3 Ijyb, Sigmund


Innate Abilities, Weirdness & Mutations

You have razor-sharp toenails.
You are partially covered in sharp spines.


Message History

* * * LOW HITPOINT WARNING * * *
You feel sick.
Okay, then.
As you read the scroll labeled LUFOEC ZAXUSON, it crumbles to dust.
It is a scroll of enchant armour.
Really abort (and waste the scroll)? [Y]es or [N]o only, please.
Really abort (and waste the scroll)?
Your +1 robe of magic resistance glows green for a moment.
* * * LOW HITPOINT WARNING * * *
You feel sick.
Okay, then.
Memorise Regeneration, consuming 3 spell levels and leaving 5?
Your magical infusion is running out.
Your memorisation is interrupted.
* * * LOW HITPOINT WARNING * * *
You feel sick.
Memorise Regeneration, consuming 3 spell levels and leaving 5?
Your memorisation is interrupted.
You die...

. #.# ##.##
..#######.## ##...#
$..........##
##....#
......Z..#..######
##.....#
........###......##
##......# ......###
##......###......##
.....##
##.....##.......#
...##
##...##........#
..# ###@#.........#
.. ##....<.....# .
##...>.....#
##........#
##.......#
##.......#
##.....## ##.####
.#


There were no monsters in sight!

Vanquished Creatures
  2 scorpions
  A howler monkey (D:5)
  A bullfrog zombie (D:5)
  A bullfrog skeleton (D:4)
  2 orc priests
  2 worker ants (D:4)
  5 adders
  An ooze (D:2)
  An adder skeleton (D:4)
  4 dart slugs
  2 leopard geckos (D:2)
  10 orcs
  A ball python (D:3)
  7 bats
  5 giant cockroaches
  7 goblins
  5 hobgoblins
  3 jackals (D:1)
  A kobold (D:1)
  A quokka (D:2)
  7 frilled lizards
  6 rats
75 creatures vanquished.

Notes
Turn   | Place    | Note
-------+----------+-------------------------------------------
     0 | D:1      | vishdafish the Demonspawn Skald began the quest for the Orb.
     0 | D:1      | Reached XP level 1. HP: 16/16 MP: 3/3
    30 | D:1      | Reached skill level 1 in Armour
   260 | D:1      | Gained mutation: You are partially covered in sharp spines. [demonic ancestry]
   260 | D:1      | Reached XP level 2. HP: 22/22 MP: 5/5
   966 | D:2      | Reached XP level 3. HP: 18/27 MP: 2/6
  1581 | D:2      | Gained mutation: You have sharp toenails. [demonic ancestry]
  1581 | D:2      | Reached XP level 4. HP: 20/33 MP: 3/7
  1765 | D:3      | Noticed Ijyb
  2665 | D:3      | Gained mutation: You have razor-sharp toenails. [demonic ancestry]
  2665 | D:3      | Reached XP level 5. HP: 18/38 MP: 6/8
  2900 | D:3      | Noticed Sigmund
  3006 | D:4      | Reached skill level 3 in Charms
  3408 | D:4      | Reached XP level 6. HP: 43/44 MP: 6/9
  3582 | D:4      | Found a staircase to the Ecumenical Temple.
  3593 | Temple   | Entered the Ecumenical Temple
  4210 | D:4      | Found a radiant altar of Vehumet.
  4755 | D:5      | Entered Level 5 of the Dungeon
  4806 | D:5      | Reached skill level 4 in Charms
  4818 | D:5      | HP: 1/44 [poisoned by a scorpion]
  4819 | D:5      | Succumbed to a scorpion's poison

Vault maps used:
D:1:      saegor_arrival_simple_b, kennysheep_nondescript
D:3:      uniq_robin, uniq_ijyb, uniq_sigmund
D:4:      lemuel_crystal_altar, lemuel_temple_firewalk_b
D:5:      grunt_temple_overflow_opulence, grunt_temple_overflow_open,
          basic_altar, first_bread
Temple:   dpeg_chambers_temple

Skill      XL: |  1  2  3  4  5  6 |
---------------+-------------------+-----
Dodging        | 2 |  2.0
Armour         | 1 2 3 |  3.7
Polearms       | 2 3 |  3.9
Charms         | 3 4 |  4.4
Fighting       | |  2.0
Spellcasting   | |  2.0

Action                   |  1- 3 |  4- 6 || total
-------------------------+-------+-------++-------
Melee: Spear             |   110 |    36 ||   146
       Kick              |       |    28 ||    28
       Trident           |       |    64 ||    64
 Cast: Infusion          |     8 |    13 ||    21
  Use: Scroll            |       |     2 ||     2
       Potion            |       |     6 ||     6
 Stab: Sleeping          |       |     1 ||     1
  Eat: Chunk             |     4 |     5 ||     9
       Bread ration      |       |     1 ||     1
Armor: Leather armour    |    15 |    21 ||    36
Dodge: Dodged            |    51 |    42 ||    93

Table legend:
 A = Spawn XP
 B = Non-spawn XP
 C = Spawn XP percentage of total XP
 D = Spawn monster count
 E = Non-spawn monster count
 F = Spawn count percentage of total count
 G = Total turns spent on level
                    A         B        C        D         E        F      G
               +---------+---------+-------+---------+---------+-------+---------
         Total |       0 |     631 |   0.0 |       0 |      75 |   0.0 |  4819
               +---------+---------+-------+---------+---------+-------+---------
           D:1 |       0 |      33 |   0.0 |       0 |      19 |   0.0 |   904
           D:2 |       0 |      72 |   0.0 |       0 |      18 |   0.0 |   769
           D:3 |       0 |      93 |   0.0 |       0 |      20 |   0.0 |   552
           D:4 |       0 |     259 |   0.0 |       0 |      15 |   0.0 |  2283
           D:5 |       0 |     174 |   0.0 |       0 |       3 |   0.0 |    64
               +---------+---------+-------+---------+---------+-------+---------
